Map: [ESL] Cosmic Sapphire

Players

ShoWTimE - Winner!

  • Race: Protoss Protoss
  • Spawn Location: 11:00

GunGFuBanDa

  • Race: Protoss Protoss
  • Spawn Location: 5:00

Event: DreamHack SC2 Masters 2022 Atlanta (Online)

VOD

Have the link to the VOD?

Description

Time

  • Played on: Oct. 14, 2022, 10:46 a.m.
  • Length: 16:44

All games in this series

Show
View Real Time Build Order
Export as new Build Order

ShoWTimE Protoss - Winner!

Build Orders: Phoenix Opening, Blink Stalkers, Carriers 

Get SALT Encoding   

  12  0:00  Probe  
  13  0:12  Probe  
  14  0:17  Pylon  
  14  0:24  Probe (Chrono Boost)  
  16  0:36  Gateway, Probe (Chrono Boost)  
  16  0:43  Probe (Chrono Boost)  
  16  0:46  Assimilator  
  17  0:50  Probe  
  18  1:03  Probe (Chrono Boost)  
  19  1:04  Assimilator  
  19  1:09  Gateway  
  19  1:13  Probe (Chrono Boost)  
  19  1:18  Probe (Chrono Boost)  
  20  1:24  Cybernetics Core  
  21  1:29  Probe  
  22  1:38  Pylon  
  22  1:41  Probe  
  23  1:56  Probe  
  23  2:01  Sentry, Stalker  
  26  2:02  Warp Gate  
  26  2:06  Pylon  
  28  2:09  Probe  
  29  2:27  Stalker  
  29  2:28  Pylon  
  31  2:31  Sentry  
  33  2:48  Nexus  
  33  2:50  Probe  
  34  2:56  Shield Battery  
  34  3:02  Probe  
  35  3:09  Twilight Council, Phoenix  
  35  3:18  Stalker  
  37  3:21  Probe  
  37  3:27  Pylon  
  38  3:33  Probe  
  39  3:45  Probe  
  40  3:51  Stalker  
  40  3:54  Blink (Chrono Boost)  
  42  3:57  Probe  
  42  3:58  Stalker  
  42  4:00  Probe  
  46  4:09  Probe  
  47  4:13  Phoenix, Probe  
  47  4:21  Probe  
  47  4:24  Stalker  
  50  4:25  Probe  
  50  4:28  Stalker  
  53  4:33  Probe  
  53  4:37  Probe, Pylon  
  55  4:45  Probe  
  55  4:49  Probe  
  55  4:52  Nexus  
  57  4:55  Phoenix, Pylon  
  57  4:57  Probe  
  58  5:01  Probe  
  58  5:05  Robotics Facility  
  59  5:10  Probe, Assimilator  
  59  5:13  Probe  
  61  5:17  Stalker  
  61  5:20  Stalker  
  65  5:22  Shield Battery  
  65  5:26  Pylon  
  65  5:27  Probe  
  66  5:29  Probe  
  67  5:44  Forge, Stalker x2  
  67  5:47  Probe x2  
  73  5:51  Phoenix  
  73  5:53  Gateway  
  73  5:54  Observer  
  74  5:59  Probe x2 (Chrono Boost)  
  74  6:03  Pylon  
  76  6:05  Protoss Ground Weapons Level 1 (Chrono Boost), Probe (Chrono Boost)  
  76  6:09  Stalker  
  81  6:11  Probe x2 (Chrono Boost)  
  81  6:12  Stalker  
  81  6:14  Probe (Chrono Boost)  
  81  6:16  Probe x2 (Chrono Boost)  
  86  6:19  Probe (Chrono Boost)  
  86  6:25  Observer, Probe x2  
  88  6:29  Pylon  
  88  6:31  Probe  
  91  6:34  Stalker  
  91  6:35  Charge (Chrono Boost), Stalker  
  91  6:38  Pylon  
  95  6:51  Phoenix  
  95  6:53  Gateway  
  95  6:54  Pylon  
  95  6:56  Gateway, Stalker  
  95  6:57  Gateway, Stalker  
  95  6:59  Stalker  
  101  7:02  Probe x2  
  103  7:10  Photon Cannon  
  103  7:11  Photon Cannon  
  103  7:12  Photon Cannon  
  103  7:14  Pylon  
  102  7:27  Nexus  
  102  7:32  Pylon  
  102  7:34  Stalker x3  
  108  7:38  Photon Cannon  
  108  7:43  Gateway  
  108  7:44  Gateway  
  108  7:47  Stalker  
  108  7:49  Probe  
  108  7:50  Probe x2  
  113  7:56  Stalker  
  113  7:57  Phoenix, Stalker  
  117  8:01  Probe  
  117  8:02  Probe x2, Protoss Ground Weapons Level 2 (Chrono Boost), Pylon  
  120  8:08  Pylon  
  120  8:09  Stalker x2  
  120  8:11  Observer  
  125  8:13  Stalker  
  125  8:18  Pylon  
  127  8:25  Zealot x2  
  127  8:26  Zealot  
  133  8:29  Pylon  
  133  8:33  Zealot x2  
  137  8:35  Observer  
  137  8:37  Zealot x2  
  142  8:43  Probe  
  143  8:50  Warp Prism  
  143  8:52  Pylon  
  143  8:53  Probe x3  
  146  8:56  Robotics Bay  
  146  8:58  Assimilator  
  146  8:59  Robotics Facility  
  148  9:03  Nexus  
  148  9:07  Assimilator  
  148  9:08  Assimilator  
  148  9:10  Probe x4  
  152  9:19  Stalker x4  
  152  9:22  Probe  
  161  9:26  Zealot  
  161  9:27  Zealot x3  
  169  9:32  Probe x3  
  169  9:34  Photon Cannon  
  172  9:41  Disruptor (Chrono Boost)  
  175  9:45  Disruptor (Chrono Boost)  
  175  9:52  Unknown  
  178  9:55  Photon Cannon  
  178  10:01  Zealot x5  
  178  10:02  Zealot x3  
  194  10:11  Pylon  
  194  10:12  Disruptor (Chrono Boost)  
  195  10:19  Disruptor (Chrono Boost)  
  198  10:21  Photon Cannon  
  198  10:22  Zealot  
  198  10:23  Photon Cannon  
  198  10:25  Photon Cannon  
  198  10:26  Protoss Ground Weapons Level 3 (Chrono Boost)  
  200  10:31  Stargate  
  196  10:42  Stalker x6  
  200  10:44  Disruptor  
  197  11:00  Disruptor  
  200  11:06  Observer  
  200  11:10  Stalker x8  
  198  11:17  Oracle (Chrono Boost)  
  194  11:24  Observer  
  182  11:35  Stalker x2  
  182  11:36  Stalker x6  
  196  11:52  Nexus  
  194  11:59  Fleet Beacon  
  190  12:02  Stargate  
  190  12:05  Stargate, Protoss Air Weapons Level 1 (Chrono Boost)  
  188  12:35  Pylon  
  188  12:36  Dark Shrine  
  188  12:39  Gateway  
  188  12:41  Photon Cannon  
  188  12:43  Photon Cannon, Gateway x2  
  188  12:44  Photon Cannon  
  188  12:46  Shield Battery, Carrier (Chrono Boost)  
  188  12:47  Gateway  
  188  12:49  Gateway, Pylon  
  188  12:50  Carrier (Chrono Boost)  
  196  13:05  Photon Cannon  
  196  13:06  Photon Cannon  
  196  13:08  Photon Cannon  
  196  13:10  Shield Battery  
  196  13:12  Colossus, Pylon  
  192  13:16  Carrier  
  196  13:22  Zealot x2  
  195  13:34  Protoss Shields Level 1 (Chrono Boost)  
  195  13:42  Zealot x2  
  195  13:45  Shadow Stride (Chrono Boost)  
  197  13:55  Photon Cannon  
  197  14:10  Carrier x2 (Chrono Boost)  
  185  14:21  Carrier (Chrono Boost)  
  185  14:22  Observer  
  173  14:26  Zealot x9  
  173  14:27  Zealot x4  
  199  14:36  Disruptor x2  
  199  14:39  Assimilator  
  199  14:43  Pylon  
  199  14:44  Robotics Facility  
  199  14:50  Observer  
  197  14:59  Dark Templar x4  
  199  15:06  Photon Cannon  
  199  15:19  Nexus  
  199  15:20  Dark Templar x3  
  159  15:46  Observer  
  159  15:47  Stalker x10  
  170  15:56  Zealot x3  
  176  16:02  Observer  
  182  16:33  Zealot x6  
  182  16:34  Zealot x3  
Show
View Real Time Build Order
Export as new Build Order

GunGFuBanDa Protoss 

Build Orders: Oracle Opening 

Get SALT Encoding   

  12  0:00  Probe  
  13  0:12  Probe  
  14  0:17  Pylon  
  14  0:24  Probe (Chrono Boost)  
  16  0:36  Probe (Chrono Boost)  
  16  0:37  Gateway  
  16  0:43  Probe (Chrono Boost)  
  16  0:47  Assimilator  
  17  0:50  Probe  
  17  0:54  Assimilator  
  18  1:03  Probe (Chrono Boost)  
  19  1:08  Gateway  
  20  1:12  Probe (Chrono Boost)  
  20  1:17  Probe (Chrono Boost)  
  20  1:25  Cybernetics Core  
  21  1:31  Probe  
  22  1:36  Pylon  
  22  1:43  Probe  
  24  2:02  Stalker x2  
  24  2:03  Warp Gate  
  24  2:06  Probe  
  28  2:15  Pylon  
  28  2:23  Stargate  
  28  2:30  Pylon  
  28  2:37  Stalker  
  30  2:45  Stalker  
  30  2:50  Probe  
  33  3:02  Probe  
  33  3:04  Oracle (Chrono Boost)  
  37  3:25  Nexus, Probe  
  38  3:33  Pylon  
  38  3:37  Probe  
  39  3:44  Twilight Council  
  39  3:57  Probe (Chrono Boost)  
  40  4:08  Probe (Chrono Boost)  
  41  4:13  Probe (Chrono Boost)  
  41  4:15  Blink (Chrono Boost)  
  42  4:23  Probe  
  43  4:27  Stalker x2  
  47  4:37  Probe (Chrono Boost)  
  49  4:42  Probe (Chrono Boost)  
  49  4:46  Probe (Chrono Boost)  
  49  4:50  Probe (Chrono Boost)  
  49  4:52  Probe (Chrono Boost)  
  51  4:54  Stalker x2  
  51  4:55  Pylon  
  56  5:00  Shield Battery  
  56  5:01  Probe  
  56  5:04  Probe  
  58  5:11  Assimilator  
  58  5:13  Probe, Pylon  
  59  5:16  Dark Shrine  
  59  5:19  Probe  
  60  5:21  Stalker  
  60  5:25  Stalker  
  64  5:34  Probe  
  65  5:41  Nexus  
  62  5:44  Probe  
  63  5:52  Probe, Gateway  
  63  5:54  Stalker  
  66  5:59  Stalker  
  66  6:01  Probe  
  66  6:04  Pylon  
  69  6:07  Probe  
  70  6:12  Forge  
  70  6:15  Probe (Chrono Boost)  
  71  6:19  Probe (Chrono Boost)  
  73  6:29  Probe x2 (Chrono Boost)  
  73  6:30  Dark Templar  
  76  6:33  Dark Templar  
  76  6:37  Probe x2 (Chrono Boost)  
  80  6:40  Robotics Facility  
  80  6:46  Probe (Chrono Boost)  
  82  6:48  Protoss Ground Weapons Level 1 (Chrono Boost), Probe (Chrono Boost)  
  82  6:51  Probe, Pylon  
  83  6:57  Probe x2  
  83  6:59  Sentry  
  87  7:01  Shield Battery  
  87  7:03  Probe  
  84  7:09  Probe x2  
  84  7:12  Assimilator  
  84  7:13  Gateway  
  86  7:16  Gateway  
  86  7:20  Probe  
  86  7:22  Pylon  
  87  7:24  Pylon  
  87  7:27  Probe  
  88  7:30  Stalker x3  
  88  7:31  Observer  
  88  7:34  Photon Cannon  
  95  7:43  Gateway  
  95  7:49  Shadow Stride, Gateway, Pylon  
  95  7:54  Robotics Bay  
  95  7:57  Shield Battery, Assimilator, Pylon  
  96  7:58  Observer  
  96  8:00  Probe x2  
  96  8:03  Stalker x2  
  102  8:11  Probe  
  102  8:12  Photon Cannon, Probe  
  104  8:14  Assimilator  
  103  8:22  Shield Battery, Photon Cannon  
  103  8:23  Stalker x2  
  103  8:24  Stalker  
  103  8:25  Pylon  
  109  8:31  Protoss Ground Weapons Level 2 (Chrono Boost)  
  109  8:42  Stalker x3  
  109  8:43  Disruptor  
  109  8:45  Shield Battery  
  118  8:48  Pylon  
  118  9:13  Observer  
  118  9:16  Zealot  
  120  9:17  Zealot  
  120  9:20  Dark Templar x2  
  120  9:21  Dark Templar x2  
  130  9:24  Pylon x2  
  130  9:26  Photon Cannon  
  130  9:29  Disruptor (Chrono Boost)  
  130  9:32  Pylon  
  133  9:44  Nexus  
  133  9:47  Photon Cannon, Stalker x3  
  133  9:48  Shield Battery  
  133  10:01  Disruptor (Chrono Boost)  
  134  10:17  Photon Cannon  
  134  10:18  Photon Cannon  
  134  10:19  Shield Battery, Pylon  
  134  10:24  Stalker x6  
  134  10:25  Stalker  
  134  10:26  Disruptor (Chrono Boost)  
  134  10:48  Stalker x7  
  142  10:56  Disruptor (Chrono Boost)  
  134  11:14  Assimilator  
  133  11:22  Nexus  
  133  11:23  Disruptor (Chrono Boost)  
  135  11:29  Stalker x2  
  135  11:30  Probe, Stalker x4  
  135  11:32  Pylon  
  148  11:43  Probe  
  149  11:48  Pylon  
  149  11:50  Probe  
  148  12:02  Shield Battery  
  148  12:06  Stalker x5  
  156  12:10  Charge (Chrono Boost)  
  156  12:21  Pylon  
  156  12:23  Shield Battery  
  156  12:31  Forge  
  156  12:35  Probe  
  156  12:36  Disruptor (Chrono Boost)  
  157  12:38  Nexus  
  157  12:41  Pylon  
  156  12:59  Dark Templar  
  156  13:00  Dark Templar x6  
  156  13:04  Disruptor (Chrono Boost)  
  173  13:07  Photon Cannon  
  173  13:09  Probe  
  165  13:26  Photon Cannon  
  142  13:36  Probe  
  142  13:37  Disruptor (Chrono Boost)  
  142  13:38  Shield Battery  
  146  13:52  Probe  
  146  13:53  Stalker x7  
  149  14:11  Probe  
  150  14:21  Disruptor (Chrono Boost), Probe, Stalker  
  150  14:22  Stalker x4  
  161  14:27  Forge  
  161  14:29  Forge  
  161  14:33  Assimilator  
  161  14:34  Assimilator  
  161  14:41  Stalker x2  
  161  14:43  Pylon  
  165  14:46  Disruptor (Chrono Boost)  
  167  14:54  Zealot x3  
  170  15:01  Shield Battery  
  170  15:05  Stalker x4  
  178  15:14  Observer (Chrono Boost)  
  178  15:28  Zealot x6  
  178  15:29  Zealot  
  142  15:48  Stalker x3  
  142  15:49  Stalker x4  
  117  16:18  Stalker x7  
Tags
 
Add a new tag
Caveats
  • Supply blocks, unpowered buildings, or Contaminate may cause inaccurate times.
  • Supply counts are checked every 10 seconds.